 Dungeon Crawl Stone Soup version 0.28.0-43-g3370ac3207 (webtiles) character file.

Game seed: 9086063573866254623

928 pkoi the Martial Artist (level 7, -1/59 HPs)
             Began as a Green Draconian Monk on Mar 11, 2022.
             Killed from afar by a white imp (5 damage)
             ... with a puff of frost
             ... summoned by Eustachio
             ... on level 4 of the Dungeon.
             The game lasted 00:09:44 (4602 turns).

pkoi the Martial Artist (Green Draconian Monk)      Turns: 4602, Time: 00:09:45

Health: -1/59      AC:  6    Str: 13    XL:     7   Next: 85%
Magic:  7/7        EV: 12    Int: 13    God:
Gold:   98         SH:  0    Dex: 13    Spells: 6/6 levels left

rFire   + . .      SeeInvis .   d - +2 short sword (venom)
rCold   . . .      Faith    .   (no shield)
rNeg    + . .      Spirit   .   (armour unavailable)
rPois   +          Reflect  .   (helmet restricted)
rElec   .          Harm     .   (no cloak)
rCorr   .          Rampage  .   (no gloves)
Will    .....                   (no boots)
Stlth   ++........              c - amulet of magic regeneration
HPRegen 0.19/turn               h - ring of protection from fire
MPRegen 0.50/turn               m - ring of positive energy

@: short of breath
A: breathe noxious fumes, AC +6, unfitting armour, poison resistance,
cold-blooded
a: Breathe Noxious Fumes


You were on level 4 of the Dungeon.
You visited 1 branch of the dungeon, and saw 5 of its levels.

You collected 98 gold pieces.

Inventory:

Hand Weapons
 a - a +2 short sword of flaming
 b - a +0 spectral whip
 d - a +2 short sword of venom (weapon)
Missiles
 e - 11 poisoned darts (quivered)
 n - a throwing net
Jewellery
 c - an amulet of magic regeneration (around neck)
 h - a ring of protection from fire (left hand)
 k - a +6 ring of intelligence
 m - a ring of positive energy (right hand)
Wands
 o - a wand of iceblast (10)
Scrolls
 g - 3 scrolls of fear
 i - a scroll of identify
 l - 2 scrolls of brand weapon
Potions
 f - a potion of attraction
 j - a potion of curing


   Skills:
 - Level 4.0 Fighting
 - Level 3.0 Dodging
 - Level 3.0 Stealth
 + Level 8.9 Unarmed Combat


You had 6 spell levels left.
You didn't know any spells.
Your spell library contained the following spells:

 Spells                   Type           Power      Damage    Failure   Level
 Gell's Gravitas          Tloc           0%         N/A       67%         3
 Lesser Beckoning         Tloc           0%         N/A       67%         3
 Teleport Other           Tloc           0%         N/A       67%         3


Dungeon Overview and Level Annotations

Branches:
Dungeon (5/15)
 Temple: D:4-7

Altars:
Nemelex Xobeh
Uskayaw

Annotations:
D:4 Dowan, Duvessa, Eustachio


Innate Abilities, Weirdness & Mutations

You can breathe blasts of noxious fumes.
Your lurid green scales are hard. (AC +6)
You cannot fit into any form of body armour.
Your system is resistant to poisons. (rPois)
You are cold-blooded and may be slowed by cold attacks.


Message History

The ufetubus hits you but does no damage.
Eustachio hits you with a +4 rapier of freezing!
* * * LOW HITPOINT WARNING * * *
Eustachio freezes you.
* * * LOW HITPOINT WARNING * * *
You hit Eustachio.
Eustachio looks as sick as possible!
You tail-slap Eustachio, but do no damage.
Eustachio is severely wounded.
The bat closely misses you. The ufetubus completely misses you.
The ufetubus barely misses you. The ufetubus hits you.
* * * LOW HITPOINT WARNING * * *
The ufetubus closely misses you. The river rat closely misses you.
The white imp gestures at you. The puff of frost hits you.
* * * LOW HITPOINT WARNING * * *
Eustachio hits you with a +4 rapier of freezing.
* * * LOW HITPOINT WARNING * * *
Eustachio freezes you.
* * * LOW HITPOINT WARNING * * *
The ufetubus barely misses you. The ufetubus misses you. The ufetubus hits you.
* * * LOW HITPOINT WARNING * * *
The ufetubus hits you but does no damage.
The river rat bites you.
* * * LOW HITPOINT WARNING * * *
You feel better.
You feel yourself speed up. The bat closely misses you.
The ufetubus hits you but does no damage.
The ufetubus barely misses you. The ufetubus closely misses you.
The ufetubus barely misses you.
The white imp hits you but does no damage.
Eustachio hits you but does no damage. The river rat bites you!
* * * LOW HITPOINT WARNING * * *
The ufetubus misses you.
The ufetubus hits you but does no damage. x2
The ufetubus closely misses you. The white imp spits at you.
The white imp gestures at you. The puff of frost hits you.
You die...

... #.. ... #.........
...# ##.##..##.#..##.#.#
......##.#.......#
..#.............
#.#..##.#..#..# .#
#####.#..##.#.b#..##..##
...........<...r55......
...............r@@#
#####..........##5#
#....##.##.# .#
####..#..##.##.# ..
..##..#..##..... ...
#.##..#.>............
.............#..#####.
#.######.###....# .# .#


You could see Eustachio (extremely poisoned), a river rat (summoned, poisoned),
a white imp (summoned), 2 ufetubi, a bat (summoned) and a rat (summoned).

Vanquished Creatures
  Pikel (D:3)
  Grinder (D:3)
  A jelly (D:4)
  A hound (D:3)
  A gnoll shaman (D:4)
  Ijyb (D:3)
  An orc wizard (D:2)
  4 gnolls
  5 adders
  2 orcs
  5 endoplasms
  2 giant cockroaches
  8 goblins
  7 hobgoblins
  9 kobolds
  4 quokkas
  6 ball pythons
  3 bats
  2 frilled lizards (D:3)
  5 rats
69 creatures vanquished.

Vanquished Creatures (others)
  An orc (D:3)
1 creature vanquished.

Grand Total: 70 creatures vanquished

Notes
Turn   | Place    | Note
-------+----------+-------------------------------------------
     0 | D:1      | pkoi the Draconian Monk began the quest for the Orb.
     0 | D:1      | Reached XP level 1. HP: 19/19 MP: 1/1
   182 | D:1      | Reached XP level 2. HP: 26/26 MP: 2/2
   654 | D:2      | Reached XP level 3. HP: 20/33 MP: 3/3
  1198 | D:2      | Reached XP level 4. HP: 38/40 MP: 4/4
  1249 | D:3      | Reached skill level 4 in Unarmed Combat
  1706 | D:3      | Found a faded altar of an unknown god.
  1736 | D:3      | Noticed Grinder
  1933 | D:3      | Reached XP level 5. HP: 41/46 MP: 5/5
  2824 | D:4      | Identified the +8 chain mail of Reason {rElec}
  2894 | D:4      | Noticed Dowan
  2896 | D:4      | Noticed Duvessa
  2929 | D:3      | Noticed Ijyb
  2942 | D:3      | Killed Ijyb
  2943 | D:3      | Reached skill level 5 in Unarmed Combat
  2951 | D:4      | Noticed Eustachio
  3333 | D:5      | Entered Level 5 of the Dungeon
  3775 | D:4      | Reached XP level 6. HP: 35/52 MP: 6/6
  3880 | D:4      | Found a hide-covered altar of Uskayaw.
  3935 | D:4      | Found a sparkling altar of Nemelex Xobeh.
  3936 | D:4      | Noticed Pikel
  3985 | D:3      | Killed Pikel
  3986 | D:3      | Reached skill level 8 in Unarmed Combat
  3986 | D:3      | Your scales start taking on a lurid green colour.
  3986 | D:3      | Reached XP level 7. HP: 19/59 MP: 7/7
  3986 | D:3      | Gained mutation: Your system is resistant to poisons.
                  | (rPois) [Green Draconian growth]
  4494 | D:3      | Killed Grinder
  4602 | D:4      | Killed from afar by a white imp

Illustrated notes

Levels and vault maps discovered:
D:1:      minmay_arrival_up_and_down, layout_basic
D:2:      layout_rooms
D:3:      layout_loops_cross, hellmonk_ecumenical_altar_zigzags,
          minmay_bisected, uniq_grinder, uniq_ijyb
D:4:      layout_basic, nicolae_uskayaw_dance_hall,
          mainiacjoe_overflow_chevrons, nemelex_xobeh_ov_fountains_minmay,
          uniq_duvessa, uniq_natasha, uniq_pikel, uniq_eustachio
D:5:      layout_loops_cross, nicolae_ru_awakened_eye,
          mainiacjoe_overflow_paths, nicolae_wu_jian_wuxing_cycle, temple_green,
          minmay_misc_feat_doors, hangedman_decor_riveting,
          columned_hall_lemuel, nrook_campfire, minmay_statues_item,
          uniq_edmund, uniq_crazy_yiuf_cottage

Skill      XL: |  1  2  3  4  5  6 |
---------------+-------------------+-----
Stealth        | 2 3 |  3.0
Dodging        | 3 |  3.0
Fighting       | 4 |  4.0
Unarmed Combat | 4 5 8 |  8.9

Action                   |  1- 3 |  4- 6 |  7- 9 || total
-------------------------+-------+-------+-------++-------
Melee: Short sword       |    76 |    93 |     6 ||   175
       Unarmed           |     4 |     2 |     2 ||     8
       Tailslap          |     6 |    14 |     3 ||    23
       Punch             |     3 |     4 |       ||     7
       Whip              |       |       |    10 ||    10
 Abil: Breathe Noxious F |       |       |     1 ||     1
  Use: Scroll            |     2 |     4 |     1 ||     7
       Potion            |       |     1 |     1 ||     2
 Stab: Sleeping          |     5 |       |       ||     5
       Confused          |       |       |     1 ||     1
Armor: Skin              |    14 |    29 |    12 ||    55
Dodge: Dodged            |    45 |    58 |    31 ||   134
